 Dungeon Crawl Stone Soup version 0.26.1-11-gd32895ea62 (webtiles) character file.

Game seed: 13292541130478107420

163 tizbic2 the Vexing (level 5, -2/44 HPs)
             Began as a Naga Arcane Marksman on July 1, 2021.
             Slain by Purgy (3 damage)
             ... in a sewer.
             The game lasted 00:15:28 (2368 turns).

tizbic2 the Vexing (Naga Arcane Marksman)           Turns: 2368, Time: 00:15:28

Health: -2/44      AC:  4    Str: 12    XL:     5   Next: 44%
Magic:  5/6        EV:  8    Int: 13    God:
Gold:   51         SH:  0    Dex: 13    Spells: 5/6 levels left

rFire    . . .     SeeInvis +   e - +2 hand axe (elec)
rCold    . . .     Faith    .   (no shield)
rNeg     . . .     Spirit   .   i - +0 ring mail
rPois    +         Reflect  .   (no helmet)
rElec    .         Harm     .   (no cloak)
rCorr    .         Rampage  .   (no gloves)
Will     .....                  (no barding)
Stlth    +.........             (no amulet)
HPRegen  0.14/turn              (no ring)
MPRegen  0.10/turn              (no ring)

@: very slow
A: large, see invisible, deformed body, poison resistance, slowness 2, spit
poison 1, AC +1
a: Spit Poison


You were in a sewer.
You visited 1 branch of the dungeon, and saw 3 of its levels.
You also visited: Sewer.

You collected 51 gold pieces.

Inventory:

Hand Weapons
 a - a +0 shortbow
 e - a +2 hand axe of electrocution (weapon)
Missiles
 d - 26 arrows
 p - 12 poisoned darts (quivered)
Armour
 i - a +0 ring mail (worn)
Scrolls
 b - 2 scrolls of remove curse
 c - a scroll of amnesia
 k - a scroll of enchant armour {unknown}
 n - 2 scrolls of teleportation
 o - a scroll of random uselessness {unknown}
 r - a scroll of magic mapping {unknown}
 s - a scroll of identify {unknown}
 v - a scroll of fear {unknown}
 w - a scroll of blinking {unknown}
Potions
 f - a potion of cancellation {unknown}
 g - a potion of haste {unknown}
 h - a potion of berserk rage
 j - a potion of lignification {unknown}
 l - a potion of might {unknown}
 m - a potion of magic {unknown}
 q - a potion of resistance {unknown}
 t - a potion of mutation {unknown}
 u - a potion of curing {unknown}


   Skills:
 + Level 1.3 Fighting
 + Level 1.6 Short Blades
 * Level 3.0 Bows
 + Level 1.2 Armour
 + Level 1.9 Dodging
 + Level 1.2 Spellcasting
 * Level 4.0 Hexes


You had 5 spell levels left.
You knew the following spells:

 Your Spells              Type           Power        Failure   Level
a - Corona                Hex            12%          12%         1

Your spell library contained the following spells:

 Spells                   Type           Power        Failure   Level
 Slow                     Hex            11%          19%         2
 Confusing Touch          Hex            11%          36%         3
 Inner Flame              Hex/Fire       5%           63%         3
 Portal Projectile        Hex/Tloc       10%          63%         3
 Sublimation of Blood     Necr           0%           67%         2
 Cause Fear               Hex            5%           77%         4
 Gell's Gravitas          Tloc           0%           88%         3
 Ignite Poison            Fire/Tmut/Pois 0%           88%         3
 Leda's Liquefaction      Hex/Erth       2%           95%         4
 Petrify                  Tmut/Erth      0%           99%         4
 Alistair's Intoxication  Tmut/Pois      0%           100%        5
 Irradiate                Conj/Tmut      0%           100%        5
 Metabolic Englaciation   Hex/Ice        2%           100%        5
 Yara's Violent Unravell  Hex/Tmut       2%           100%        5
 Eringya's Noxious Bog    Tmut/Pois      0%           100%        6


Dungeon Overview and Level Annotations

Branches:
Dungeon (3/15)              Sewer (1/1)

Altars:

Annotations:
Sewer Purgy


Innate Abilities, Weirdness & Mutations

You cannot wear boots.
Your serpentine skin is tough. (AC +1)
You have supernaturally acute eyesight. (SInv)
Armour fits poorly on your strangely shaped body.
Your system is resistant to poisons. (rPois)
You cover ground very slowly.
You can spit poison.


Message History

You have got your breath back.
Purgy stops glowing.
Purgy bites you but does no damage. Purgy claws you.
* * * LOW HITPOINT WARNING * * *
Purgy claws you.
* * * LOW HITPOINT WARNING * * *
You enter the shallow water.
Moving in this stuff is going to be slow.
Purgy bites you but does no damage. Purgy claws you but does no damage. x2
There is an empty arch of ancient stone here.
There is nothing on the other side of the stone arch.
Unknown command.
Purgy bites you but does no damage. Purgy claws you.
* * * LOW HITPOINT WARNING * * *
Purgy claws you.
* * * LOW HITPOINT WARNING * * *
Purgy barely misses you. Purgy claws you but does no damage. x2
Purgy bites you.
* * * LOW HITPOINT WARNING * * *
Purgy claws you.
You die...

####.≈≈≈.####
####.≈≈≈.####
#..'.≈≈≈.†..#
####.≈≈≈.####
####.≈≈≈.####
#..†.≈≈≈.'..#
####.≈≈≈.####
####.≈≈≈.####
#..†..∩.@..∩#
####.≈≈T.####
####.≈≈≈.####
#..'.≈≈≈.)..#
####.≈≈≈.####
####.≈≈≈.####
#..'.≈≈≈.'..#
####.≈≈≈.####
####.≈≈≈.#


You could see Purgy.

Vanquished Creatures
  An orc wizard (D:3)
  5 adders
  3 dart slugs
  3 leopard geckos (D:3)
  8 orcs (D:3)
  5 giant cockroaches
  13 goblins
  3 hobgoblins
  4 jackals (D:3)
  A quokka (D:2)
  A ball python (D:2)
  7 bats
  3 frilled lizards
  10 kobolds
  9 rats
76 creatures vanquished.

Vanquished Creatures (others)
  A plant (D:1)
1 creature vanquished.

Grand Total: 77 creatures vanquished

Notes
Turn   | Place    | Note
-------+----------+-------------------------------------------
     0 | D:1      | tizbic2 the Naga Arcane Marksman began the quest for the
                  | Orb.
     0 | D:1      | Reached XP level 1. HP: 18/18 MP: 2/2
   303 | D:1      | Reached XP level 2. HP: 15/25 MP: 3/3
   807 | D:1      | Reached XP level 3. HP: 20/31 MP: 4/4
  1313 | D:2      | Reached XP level 4. HP: 38/38 MP: 5/5
  1752 | D:3      | Reached skill level 1 in Short Blades
  1763 | D:3      | Reached skill level 1 in Armour
  1793 | D:3      | Reached XP level 5. HP: 35/44 MP: 6/6
  1996 | D:3      | Found a glowing drain.
  2028 | Sewer    | Entered a sewer
  2274 | Sewer    | Reached skill level 4 in Hexes
  2356 | Sewer    | Noticed Purgy
  2368 | Sewer    | HP: 1/44 [Purgy (4)]
  2368 | Sewer    | Slain by Purgy

Illustrated notes

Levels and vault maps discovered:
D:1:      tarquinn_simple_flora_water_f, layout_basic, serial_forest,
          infiniplex_forest_lined_room_2, infiniplex_forest_pool,
          infiniplex_forest_clump_curved, infiniplex_forest_clump_long,
          infiniplex_forest_straight_4, infiniplex_forest_lined_2,
          infiniplex_forest_end_double, st_stairs_13, grunt_decor_arrowhead,
          minmay_pentomino_t4
D:2:      layout_rooms
D:3:      layout_loops_cross, portal_sewer_entry_f,
          amcnicky_mini_rare_corridor_liquid
Sewer:    kennysheep_door_sewer

Skill      XL: |  1  2  3  4  5 |
---------------+----------------+-----
Bows           | 2 3 |  3.0
Short Blades   | 1 |  1.6
Armour         | 1 |  1.2
Hexes          | 4 |  4.0
Fighting       | |  1.3
Dodging        | |  1.9
Spellcasting   | |  1.2

Action                   |  1- 3 |  4- 6 || total
-------------------------+-------+-------++-------
Melee: Dagger            |    54 |    84 ||   138
       Hand axe          |       |    28 ||    28
 Fire: Shortbow          |    17 |     5 ||    22
 Cast: Corona            |     3 |    11 ||    14
 Abil: Spit Poison       |    29 |    28 ||    57
  Use: Scroll            |       |     3 ||     3
       Potion            |       |     1 ||     1
Armor: Robe              |     1 |       ||     1
       Ring mail         |    41 |    71 ||   112
Dodge: Dodged            |    40 |    58 ||    98
